Map: Acropolis LE

Players

Evolution - Winner!

  • Race: Zerg Zerg
  • League: Master
  • Spawn Location: 11:00

Mez

  • Race: Terran Terran
  • League: Master
  • Spawn Location: 5:00

VOD

Have the link to the VOD?

Description

Time

  • Played on: Aug. 10, 2019, 9:39 a.m.
  • Length: 18:50
Show
View Real Time Build Order
Export as new Build Order

Evolution Zerg - Winner!

Build Orders: Hatch First, Swarm Host 

Get SALT Encoding   

  12  0:01  Drone  
  13  0:15  Overlord  
  13  0:21  Drone  
  14  0:34  Drone x2  
  16  0:49  Hatchery  
  15  0:52  Drone  
  15  0:55  Drone  
  17  1:00  Drone  
  18  1:09  Extractor  
  17  1:15  Spawning Pool  
  17  1:18  Drone  
  17  1:21  Drone  
  18  1:31  Drone  
  19  1:44  Drone  
  20  1:53  Overlord  
  20  2:01  Queen  
  20  2:02  Queen  
  20  2:03  Zergling x4  
  26  2:09  Metabolic Boost  
  26  2:11  Drone  
  27  2:16  Drone  
  28  2:28  Zergling x2  
  28  2:29  Zergling x2  
  29  3:03  Drone x6  
  35  3:06  Hatchery  
  34  3:12  Overlord  
  34  3:13  Overlord  
  34  3:30  Queen x2  
  34  3:33  Drone x5  
  43  4:02  Drone x7  
  50  4:06  Queen  
  50  4:08  Baneling Nest  
  51  4:12  Overlord  
  51  4:17  Queen  
  51  4:22  Zergling x4  
  55  4:26  Extractor  
  54  4:34  Zergling x4  
  54  4:35  Zergling x4  
  55  5:03  Queen  
  55  5:07  Lair  
  57  5:08  Drone x9  
  66  5:16  Overlord x2  
  66  5:27  Extractor  
  64  5:29  Evolution Chamber  
  64  5:32  Evolution Chamber  
  64  5:34  Drone  
  64  5:35  Drone x8  
  71  5:40  Extractor  
  71  5:41  Zergling x4, Hatchery  
  71  5:46  Zergling x2  
  72  5:54  Drone x3  
  75  5:57  Zerg Ground Armor Level 1, Zerg Melee Weapons Level 1  
  75  6:01  Drone x2  
  75  6:02  Drone x4  
  75  6:04  Baneling x4  
  81  6:05  Centrifical Hooks  
  81  6:07  Drone  
  82  6:12  Overlord  
  82  6:13  Overlord  
  82  6:21  Overlord  
  82  6:22  Overlord  
  82  6:23  Overlord  
  82  6:30  Spore Crawler  
  81  6:41  Spore Crawler  
  80  6:47  Overlord x3  
  80  6:48  Zergling x20  
  80  6:50  Baneling x13  
  90  6:55  Zergling x2  
  90  6:57  Zergling x2  
  90  7:00  Overlord x6  
  87  7:16  Queen  
  87  7:18  Drone x8  
  87  7:20  Extractor  
  87  7:21  Extractor  
  86  7:30  Zergling x6  
  86  7:36  Zergling x2  
  83  7:37  Zergling x2  
  83  7:43  Hydralisk Den  
  82  7:46  Drone x2  
  82  7:47  Drone  
  82  7:48  Drone  
  86  7:55  Zergling x22  
  96  8:05  Zerg Ground Armor Level 2, Zerg Melee Weapons Level 2  
  96  8:07  Zergling x8  
  96  8:09  Baneling x6  
  100  8:23  Muscular Augments  
  100  8:24  Drone  
  100  8:25  Drone x15  
  116  8:29  Infestation Pit  
  116  8:30  Zergling x6  
  116  8:33  Baneling  
  116  8:34  Baneling x8  
  118  8:41  Zergling x14, Extractor x2  
  122  8:48  Zergling x2  
  122  8:49  Zergling x2  
  113  8:59  Drone x11  
  117  9:06  Queen  
  117  9:14  Zergling x12  
  117  9:16  Overlord, Spine Crawler  
  122  9:18  Hatchery, Spine Crawler  
  122  9:21  Hive  
  120  9:31  Zergling x16  
  120  9:34  Baneling x5  
  120  9:35  Baneling  
  128  9:40  Spore Crawler  
  128  9:42  Zergling x22  
  138  10:00  Hydralisk x9  
  156  10:07  Overlord  
  156  10:20  Zergling x2  
  156  10:21  Zergling x26  
  170  10:23  Hydralisk, Baneling x4  
  170  10:26  Grooved Spines  
  172  10:39  Zerg Melee Weapons Level 3, Zerg Ground Armor Level 3  
  172  10:41  Adrenal Glands  
  172  10:44  Drone x2, Hydralisk  
  172  10:45  Hydralisk x4, Ultralisk Cavern  
  183  10:51  Baneling x12  
  177  11:02  Baneling  
  177  11:03  Baneling x18  
  160  11:17  Spore Crawler  
  159  11:19  Spine Crawler  
  159  11:20  Spine Crawler  
  157  11:27  Zergling x2  
  157  11:28  Zergling x40  
  161  11:41  Ultralisk x3, Chitinous Plating  
  176  11:57  Overseer  
  176  12:00  Zergling x38  
  168  12:11  Ultralisk x2  
  180  12:28  Overseer x2  
  180  12:29  Pneumatized Carapace  
  164  12:31  Burrow  
  164  12:33  Ultralisk x3  
  178  12:42  Drone x8  
  173  12:55  Extractor x2  
  171  13:00  Zergling x4, Anabolic Synthesis  
  171  13:01  Zergling x20  
  175  13:10  Ultralisk  
  168  13:18  Zergling x20  
  172  13:26  Drone  
  172  13:27  Drone x4  
  165  13:37  Zerg Missile Weapons Level 1  
  165  13:38  Swarm Host x5  
  180  13:44  Ultralisk  
  186  13:58  Ultralisk x2  
  198  14:08  Overseer  
  198  14:20  Hydralisk  
  189  14:48  Hydralisk  
  189  14:49  Hydralisk x8  
  189  14:50  Zergling x2  
  198  15:06  Spire x2  
  168  15:25  Zergling x44  
  162  15:38  Ultralisk  
  162  15:39  Ultralisk x4  
  186  15:57  Ultralisk, Hatchery  
  186  15:58  Hydralisk  
  186  15:59  Hydralisk x2  
  186  16:00  Zergling x2  
  186  16:01  Zergling x2  
  181  16:17  Corruptor  
  181  16:18  Corruptor x3  
  189  16:20  Zerg Flyer Weapons Level 1  
  189  16:21  Greater Spire  
  189  16:32  Baneling x5  
  189  16:33  Zergling x16  
  151  17:33  Drone x12  
  151  17:34  Drone x16  
  151  17:35  Spine Crawler  
  176  17:43  Hydralisk  
  176  17:44  Hydralisk x3  
  169  17:47  Baneling x23  
  174  18:06  Hydralisk x7  
Show
View Real Time Build Order
Export as new Build Order

Mez Terran 

Build Orders: Liberator Opening, Reaper Expand 

Get SALT Encoding   

  12  0:01  SCV  
  13  0:13  SCV  
  14  0:18  Supply Depot  
  14  0:25  SCV  
  15  0:40  SCV  
  15  0:41  Barracks  
  16  0:44  Refinery  
  16  0:52  SCV  
  17  1:04  SCV  
  18  1:16  SCV  
  19  1:29  Reaper, Orbital Command  
  20  1:40  Command Center  
  20  1:51  Supply Depot  
  20  1:55  SCV  
  21  2:05  Marine  
  22  2:08  SCV  
  22  2:14  Factory  
  23  2:18  Refinery  
  23  2:20  SCV  
  24  2:24  Barracks Reactor  
  24  2:37  SCV  
  24  2:52  SCV  
  24  2:54  Orbital Command  
  25  3:08  SCV, Starport  
  26  3:14  Hellion x2  
  30  3:20  SCV x2  
  30  3:25  Supply Depot  
  30  3:26  Marine  
  33  3:32  SCV x2  
  35  3:37  Hellion x2  
  35  3:40  Liberator  
  39  3:44  SCV x2  
  41  3:56  SCV x2  
  41  3:59  Hellion x2  
  50  4:04  Supply Depot  
  50  4:08  SCV x2  
  52  4:10  Barracks Tech Lab  
  52  4:20  SCV x2  
  54  4:28  Command Center  
  54  4:33  Supply Depot  
  54  4:39  SCV x2  
  54  4:40  Marine  
  57  4:47  Starport Reactor  
  57  4:49  Stimpack  
  57  4:50  Barracks  
  57  4:51  SCV x2, Barracks  
  59  4:54  Factory Reactor  
  57  5:03  SCV x2  
  57  5:06  Engineering Bay x2  
  59  5:08  Supply Depot  
  59  5:13  Marine  
  60  5:15  SCV  
  60  5:19  Refinery  
  61  5:21  Refinery  
  61  5:30  Medivac x2  
  61  5:31  Marine  
  61  5:33  SCV x2  
  68  5:36  Supply Depot  
  68  5:39  Terran Infantry Armor Level 1, Terran Infantry Weapons Level 1, Factory Reactor  
  68  5:40  Marine x2  
  70  5:43  Orbital Command  
  70  5:59  SCV x2  
  70  6:02  Marine x2  
  70  6:03  Marine x3  
  77  6:04  Orbital Command  
  77  6:09  Barracks  
  77  6:10  Barracks  
  78  6:11  SCV x2  
  78  6:12  Supply Depot  
  78  6:17  Supply Depot  
  79  6:20  Marine x2  
  79  6:21  Marine, Medivac x2  
  86  6:30  Supply Depot  
  86  6:39  SCV x2  
  89  6:40  SCV  
  89  6:44  Supply Depot  
  89  6:45  Marine x3  
  93  6:48  Widow Mine x2  
  93  6:50  Combat Shield  
  93  6:51  SCV  
  96  7:00  Barracks Reactor x2  
  89  7:16  Marine x5  
  89  7:17  Medivac x2  
  89  7:18  Widow Mine x2  
  89  7:19  SCV x3  
  105  7:24  Supply Depot  
  105  7:25  Supply Depot  
  102  7:31  SCV x3  
  92  7:37  Marine  
  92  7:38  Marine x8  
  92  7:39  Widow Mine x2  
  92  7:43  SCV x2  
  107  7:47  Medivac x2  
  111  7:51  Armory  
  111  7:57  Supply Depot  
  111  7:58  Marine x4  
  112  7:59  Marine x5  
  122  8:06  Widow Mine x2  
  122  8:08  Supply Depot  
  122  8:10  Supply Depot  
  124  8:13  SCV x3  
  124  8:16  Marine x4  
  124  8:17  Marine x4  
  135  8:20  Marine  
  135  8:24  Concussive Shells  
  135  8:25  SCV  
  135  8:26  SCV x2  
  139  8:30  Refinery  
  139  8:31  Factory  
  139  8:33  Marine  
  139  8:34  Marine x3  
  140  8:35  Marine  
  140  8:36  Marine x3  
  140  8:38  SCV, Marine  
  143  8:51  Marine  
  143  8:52  Marine x3  
  145  8:58  Marine x5  
  145  9:00  Widow Mine x2  
  128  9:02  Terran Infantry Armor Level 2, Terran Infantry Weapons Level 2  
  128  9:05  Medivac x2  
  128  9:09  Marine x4  
  128  9:16  Marine x4  
  135  9:17  Supply Depot  
  135  9:19  Supply Depot  
  135  9:22  Factory Tech Lab  
  135  9:23  Widow Mine x2  
  139  9:32  Marine x5  
  139  9:35  Medivac  
  139  9:37  Terran Vehicle And Ship Armor Level 1  
  146  9:39  Barracks x2  
  146  9:40  Marine x4, Barracks  
  146  9:44  Widow Mine  
  152  9:46  Drilling Claws  
  152  9:48  Medivac  
  152  9:50  Marine x2  
  156  10:05  Marine x6, Marauder  
  158  10:07  Marine  
  158  10:08  Marine  
  160  10:16  Supply Depot x2  
  160  10:22  Marine  
  160  10:23  Marine x2  
  160  10:26  Marauder  
  165  10:29  Marine x5, Barracks Tech Lab x3  
  165  10:31  Widow Mine x3  
  165  10:33  Medivac x2  
  180  10:40  Marine  
  180  10:41  Marine x2  
  183  10:47  Marine  
  183  10:48  Marauder  
  182  11:03  Marine x7, Marauder x3  
  166  11:05  Marine  
  166  11:06  Widow Mine x2  
  166  11:07  Widow Mine, Medivac x2  
  166  11:08  Marine  
  178  11:16  Command Center  
  178  11:39  Marine x4, Marauder  
  177  11:40  Marauder x2  
  177  11:49  Marine x2, Marauder  
  176  12:01  Marauder  
  154  12:03  Marine x3  
  154  12:04  Marine x3, Marauder x2  
  154  12:07  Marine x2  
  163  12:10  Marine  
  163  12:11  Widow Mine x3  
  170  12:15  Command Center  
  170  12:21  Marine x5  
  174  12:28  Marine x4  
  173  12:30  Marauder  
  173  12:31  Marauder x2  
  179  12:39  Marine  
  180  12:44  Marine x4  
  180  12:45  Liberator  
  180  12:46  Marine, Marauder  
  183  12:52  Marauder x2  
  187  13:02  Marine, Marauder  
  189  13:08  Marauder  
  149  13:13  Marauder  
  149  13:15  Terran Infantry Weapons Level 3  
  137  13:26  Marine x4, Marauder x2  
  145  13:28  Widow Mine  
  145  13:29  Marauder  
  145  13:30  Liberator x2  
  147  13:45  Marine x3, Marauder  
  147  13:48  Marauder  
  156  13:56  Planetary Fortress  
  156  14:09  Marine x4, Marauder x3  
  165  14:12  Widow Mine x3  
  172  14:26  Fusion Core  
  172  14:27  Starport  
  172  14:28  Starport  
  172  14:29  Refinery  
  170  14:35  Marine x8, Marauder x2  
  170  14:36  Marine x2  
  152  14:53  Marine x2  
  152  15:00  Marine x3, Marauder x3  
  152  15:02  Liberator x2  
  157  15:10  Marine x3, Marauder  
  157  15:11  Marine  
  140  15:16  Marine  
  132  15:21  Marauder x2  
  132  15:24  Marauder  
  125  15:32  Marauder  
  89  15:45  Liberator  
  86  15:56  Orbital Command  
  81  15:59  Marine  
  81  16:00  Marine x11  
  91  16:08  Planetary Fortress  
  91  16:17  Marine x3  
  94  16:21  Liberator x3  
  103  16:49  Marine x3  
  103  16:50  Marine x9  
  114  16:59  Widow Mine  
  114  17:00  Widow Mine  
  117  17:03  Medivac  
  117  17:07  Marine x8  
  127  17:21  Medivac  
  112  17:30  Orbital Command  
  100  17:41  Marine x4, Marauder x3  
  100  17:44  Medivac x2  
  72  18:22  Marine x5, Marauder x3  
Tags
 
Add a new tag
Caveats
  • Supply blocks, unpowered buildings, or Contaminate may cause inaccurate times.
  • Supply counts are checked every 10 seconds.